 Dungeon Crawl Stone Soup version 0.24-a0-201-gf205589 (webtiles) character file.

Game seed: 12319961372085133067

657 Azzok the Insei (level 7, -8/43 HPs)
             Began as an Octopode Transmuter on Mar 22, 2019.
             Was a Believer of Cheibriados.
             Mangled by Edmund
             ... wielding a +0 dire flail of distortion
              (13 damage)
             ... on level 4 of the Dungeon.
             The game lasted 00:08:04 (5624 turns).

Azzok the Insei (Octopode Transmuter)               Turns: 5624, Time: 00:08:05

Health: -8/43      AC:  2    Str: 13    XL:     7   Next: 55%
Magic:  17/19      EV: 20    Int: 22    God:    Cheibriados [**....]
Gold:   267        SH:  0    Dex: 21    Spells: 4/10 levels left

rFire    + . .     SeeInvis .     - Unarmed
rCold    . . .     Gourm    .   (shield currently unavailable)
rNeg     . . .     Faith    .   (helmet currently unavailable)
rPois    x         Spirit   .   (no amulet)
rElec    .         Reflect  .   g - ring of fire
rCorr    .         Harm     .   l - ring of magical power
MR       .....                  o - ring of protection from cold
Stlth    +++.......             s - ring of stealth
HPRegen  0.14/turn              (no ring)
MPRegen  0.16/turn              (no ring)
                                (no ring)
                                (no ring)

@: spider-form, very slow
A: tiny, almost no armour, stealthy swim, (amphibious), 8 rings, (constrict 8)
a: End Transformation, Bend Time, Renounce Religion


You were on level 4 of the Dungeon.
You worshipped Cheibriados.
Cheibriados was pleased with you.
You were not hungry.
You were a venomous arachnid creature.
You visited 1 branch of the dungeon, and saw 4 of its levels.

You collected 267 gold pieces.

Inventory:

Missiles
 a - 38 arrows
Jewellery
 g - a ring of fire (left front leg)
 l - a ring of magical power (right front leg)
 o - a ring of protection from cold (on tentacle)
 s - a ring of stealth (on tentacle)
Scrolls
 b - a scroll of enchant weapon {unknown}
 d - 2 scrolls of magic mapping {unknown}
 f - 7 scrolls of identify {unknown}
 j - a scroll of noise {unknown}
 k - 2 scrolls of amnesia {unknown}
 q - a scroll of random uselessness {unknown}
 r - a scroll of teleportation {unknown}
 u - a scroll of blinking {unknown}
 w - a scroll of enchant armour {unknown}
Potions
 e - 2 potions of haste {unknown}
 h - a potion of cancellation {unknown}
 i - 3 potions of degeneration {unknown}
 m - 5 potions of lignification {unknown}
 n - 4 potions of curing {unknown}
 p - a potion of flight {unknown}
 t - a potion of agility {unknown}
Comestibles
 c - 4 rations


   Skills:
 - Level 1.0 Fighting
 - Level 2.0 Dodging
 + Level 5.9 Unarmed Combat
 - Level 2.0 Spellcasting
 + Level 5.5 Transmutations
 + Level 3.2 Invocations


You had 4 spell levels left.
You knew the following spells:

 Your Spells              Type           Power        Failure   Level  Hunger
a - Spider Form           Tmut/Pois      ##........   30%         3    ###....
b - Sticks to Snakes      Tmut           ####....     9%          2    ##.....
c - Beastly Appendage     Tmut           ####..       6%          1    #......

Your spell library contained the following spells:

 Spells                   Type           Power        Failure   Level  Hunger
 Ice Form                 Ice/Tmut       ##......     63%         4    #####..
 Blade Hands              Tmut           ####......   58%         5    ######.


Dungeon Overview and Level Annotations

Branches:
Dungeon (4/15)             Temple (0/1) D:4

Altars:
Cheibriados
Makhleb
Nemelex Xobeh
Okawaru
Qazlal
Trog
Uskayaw
The Shining One

Annotations:
D:2 1 transporter
D:4 Edmund


Innate Abilities, Weirdness & Mutations

You cannot wear most types of armour.
You are very stealthy in the water. (Stealth+)
((You are amphibious.))
You can wear up to eight rings at the same time.
((You can use your tentacles to constrict eight enemies at once.))
((Your skin changes colour to match your surroundings (Stealth+).))
((Your rubbery body absorbs attacks. (AC +1, EV +1)))


Message History

You barely miss Edmund.
Edmund hits you with a +0 dire flail of distortion.
You blink.
You hit Edmund but do no damage.
Edmund is lightly wounded.
Edmund completely misses you.
You bite Edmund!
Edmund looks as sick as possible!
Edmund is lightly wounded.
Edmund hits you but does no damage. Space warps horribly around you!!
You hit Edmund.
Edmund looks as sick as possible!
Edmund is moderately wounded.
You hit Edmund.
Edmund looks as sick as possible!
Edmund is heavily wounded.
Edmund hits you with a +0 dire flail of distortion!
* * * LOW HITPOINT WARNING * * *
Space bends around you.
* * * LOW HITPOINT WARNING * * *
Edmund completely misses you.
Edmund hits you with a +0 dire flail of distortion!
You die...

▒·▒▒···▒ ▒▒▒·▒▒▒▒·
▒·▒▒···▒ ▒·▒ ▒·
▒······▒ ▒·▒ ▒·
▒··▒▒··▒▒▒▒▒·▒ ▒·
▒··▒▒>········ ··
▒··▒·····▒ ▒▒▒ ▒·
▒········▒ ▒·
▒·@▒·····▒▒
▒s·········
▒···▒▒··· ▒···▒ ▒
▒▒▒ ▒ ▒···▒ ▒··▒
▒· ▒···▒▒▒ ▒·▒·▒·
▒·····▒▒▒▒▒·▒▒·▒▒▒
▒·················
▒·▒·▒·▒▒▒▒········
▒·▒·▒·▒ ▒········


You could see Edmund.

Vanquished Creatures
  2 phantoms (D:4)
  A scorpion (D:4)
  4 hounds
  Crazy Yiuf (D:2)
  Terence (D:2)
  An iguana (D:4)
  2 worker ants (D:4)
  Robin (D:4)
  A gnoll (D:3)
  7 adders
  An adder skeleton (D:4)
  3 worms
  3 dart slugs
  4 leopard geckos
  5 orcs
  3 giant cockroaches
  10 goblins
  6 hobgoblins
  6 jackals (D:1)
  A quokka (D:3)
  6 bats
  17 frilled lizards
  7 kobolds
  4 rats
  2 fungi (D:2)
99 creatures vanquished.

Notes
Turn   | Place    | Note
-------+----------+-------------------------------------------
     0 | D:1      | Azzok the Octopode Transmuter began the quest for the Orb.
     0 | D:1      | Reached XP level 1. HP: 13/13 MP: 3/3
   384 | D:1      | Reached XP level 2. HP: 18/18 MP: 5/5
   714 | D:1      | Reached XP level 3. HP: 8/23 MP: 4/6
  1516 | D:2      | Found a stormy altar of Qazlal.
  1684 | D:2      | Reached XP level 4. HP: 24/28 MP: 5/7
  1936 | D:2      | Found a snail-covered altar of Cheibriados.
  1945 | D:2      | Became a worshipper of Cheibriados the Contemplative
  1950 | D:2      | Learned a level 3 spell: Spider Form
  2013 | D:2      | Reached XP level 5. HP: 17/33 MP: 8/8
  2193 | D:2      | Learned a level 2 spell: Sticks to Snakes
  2237 | D:2      | Found a sparkling altar of Nemelex Xobeh.
  2237 | D:2      | Found a transporter.
  2385 | D:2      | Found a burning altar of Makhleb.
  2389 | D:2      | Noticed Terence
  2397 | D:2      | Killed Terence
  2692 | D:2      | Found a bloodstained altar of Trog.
  2860 | D:2      | Found a runed translucent door.
  2861 | D:2      | Noticed Crazy Yiuf
  2868 | D:2      | Killed Crazy Yiuf
  3831 | D:3      | Reached skill level 5 in Unarmed Combat
  3944 | D:3      | Reached * piety under Cheibriados
  3944 | D:3      | Reached XP level 6. HP: 36/38 MP: 9/9
  4284 | D:3      | Found a hide-covered altar of Uskayaw.
  4553 | D:4      | Reached skill level 1 in Invocations
  4745 | D:4      | Found a glowing golden altar of the Shining One.
  4804 | D:4      | Noticed a phantom
  4807 | D:4      | Found a staircase to the Ecumenical Temple.
  4868 | D:4      | Killed a phantom
  5062 | D:4      | Noticed Robin
  5082 | D:4      | Killed Robin
  5082 | D:4      | Reached skill level 5 in Transmutations
  5133 | D:4      | Reached XP level 7. HP: 34/43 MP: 10/10
  5221 | D:4      | Reached ** piety under Cheibriados
  5310 | D:4      | Found a glowing golden altar of the Shining One.
  5334 | D:4      | Found an iron altar of Okawaru.
  5613 | D:4      | Noticed Edmund
  5624 | D:4      | Mangled by Edmund

Levels and vault maps discovered:
D:1:      minmay_arrival_up_and_down, layout_basic, minmay_lizard_king
D:2:      layout_rooms, overflow_temple_1_default, lightli_temple_of_fire,
          nicolae_overflow_crystal_walls, lemuel_crystal_altar, first_ration,
          hex_large, grunt_nemelex_the_gamble, uniq_crazy_yiuf_cottage,
          uniq_terence
D:3:      layout_loops_ring, overflow_temple_1_default, kennysheep_donut,
          kennysheep_nondescript, hangedman_decor_riveting,
          chequers_serial_rivers_room_b
D:4:      layout_loops_ring, lemuel_round_altar, okawaru_trees_2,
          minmay_temple_entry_glass, nicolae_tso_carved_into_rock, uniq_robin,
          uniq_edmund

Skill      XL: |  1  2  3  4  5  6  7 |
---------------+----------------------+-----
Transmutations | 3 4 5 |  5.5
Unarmed Combat | 4 5 |  5.9
Invocations    | 2 3 |  3.2
Fighting       | |  1.0
Dodging        | |  2.0
Spellcasting   | |  2.0

Action                   |  1- 3 |  4- 6 |  7- 9 || total
-------------------------+-------+-------+-------++-------
Melee: Unarmed           |    85 |   175 |    48 ||   308
       Constrict         |    17 |    18 |     1 ||    36
       Tentacles         |    11 |    19 |       ||    30
       Kick              |     8 |     5 |       ||    13
       Punch             |       |     5 |       ||     5
 Cast: Beastly Appendage |     7 |     5 |       ||    12
       Spider Form       |       |    17 |     9 ||    26
       Sticks to Snakes  |       |     1 |       ||     1
 Stab: Sleeping          |     5 |     2 |     1 ||     8
  Eat: Chunk             |     3 |     5 |     2 ||    10
       Ration            |       |     2 |       ||     2
Armor: Skin              |     4 |     5 |       ||     9
Dodge: Dodged            |    46 |   123 |    31 ||   200

Table legend:
 A = Non-vault XP
 B = Vault XP
 C = Vault XP percentage of total XP
 D = Non-vault monster count
 E = Vault monster count
 F = Vault count percentage of total count
                 A         B        C        D         E       F
            +---------+---------+-------+---------+---------+-------
      Total |     822 |     117 |  12.5 |      76 |      21 |  21.6
            +---------+---------+-------+---------+---------+-------
        D:1 |      37 |      13 |  26.0 |      20 |      11 |  35.5
        D:2 |     166 |      75 |  31.1 |      18 |       2 |  10.0
        D:3 |      79 |       0 |   0.0 |      23 |       0 |   0.0
        D:4 |     540 |      29 |   5.1 |      15 |       8 |  34.8
            +---------+---------+-------+---------+---------+-------
